 Dungeon Crawl Stone Soup version 0.27.1-1-g398f81649c (webtiles) character file.

Game seed: 8616534687371005799

709 pokedragonboy the Skirmisher (level 7, -4/44 HPs)
             Began as a Gargoyle Fighter on Sept 11, 2021.
             Slain by an acid dragon (10 damage)
             ... on level 4 of the Dungeon.
             The game lasted 00:08:50 (4622 turns).

pokedragonboy the Skirmisher (Gargoyle Fighter)     Turns: 4622, Time: 00:08:51

Health: -4/44      AC: 19    Str: 22    XL:     7   Next: 68%
Magic:  7/7        EV:  6    Int:  8    God:
Gold:   181        SH: 10    Dex:  9    Spells: 6/6 levels left

rFire    . . .     SeeInvis .   a - +0 war axe
rCold    . . .     Faith    .   c - +0 kite shield
rNeg     + . .     Spirit   .   s - +0 chain mail
rPois    ∞         Reflect  .   (no helmet)
rElec    +         Harm     .   (no cloak)
rCorr    .         Rampage  .   i - +2 pair of gloves
Will     .....                  t - +0 pair of boots
Stlth    ..........             (no amulet)
HPRegen  0.14/turn              (no ring)
MPRegen  0.10/turn              (no ring)

@: mighty
A: sickness immunity, AC +4, negative energy resistance 1, electricity
resistance, torment resistance 1, petrification resistance
a: no special abilities


You were on level 4 of the Dungeon.
You visited 1 branch of the dungeon, and saw 4 of its levels.

You collected 181 gold pieces.

Inventory:

Hand Weapons
 a - a +0 war axe (weapon)
 b - the +6 whip "Jataosank" {venom, Str+5}
   (You found it on level 4 of the Dungeon)

   It poisons the flesh of those it strikes.
   Str:       It affects your strength (+5).
 m - a +0 scythe {Sigmund}
 p - a +0 antimagic spear
 q - a +2 spear of flaming
Missiles
 u - a throwing net (quivered)
Armour
 c - a +0 kite shield (worn)
 i - a +2 pair of gloves (worn)
 s - a +0 chain mail (worn)
 t - a +0 pair of boots (worn)
Wands
 r - a wand of digging (5)
Scrolls
 f - a scroll of identify {unknown}
 g - a scroll of enchant weapon {unknown}
 h - a scroll of immolation {unknown}
 j - 3 scrolls of amnesia
 k - 2 scrolls of blinking
Potions
 l - a potion of brilliance
 n - a potion of degeneration {unknown}
 o - a potion of heal wounds {unknown}


   Skills:
 + Level 5.2 Fighting
 * Level 5.1 Axes
 + Level 5.2 Armour
 - Level 5.0 Shields


You had 6 spell levels left.
You didn't know any spells.
Your spell library contained the following spells:

 Spells                   Type           Power      Damage    Failure   Level
 Animate Skeleton         Necr           0%         N/A       100%        1
 Apportation              Tloc           0%         N/A       100%        1
 Corona                   Hex            0%         N/A       100%        1
 Summon Small Mammal      Summ           0%         N/A       100%        1
 Passwall                 Tmut/Erth      0%         N/A       100%        2
 Stone Arrow              Conj/Erth      0%         3d7       100%        3
 Swiftness                Air            0%         N/A       100%        3
 Animate Armour           Summ/Erth      0%         N/A       100%        4
 Invisibility             Hex            0%         N/A       100%        6
 Lehudib's Crystal Spear  Conj/Erth      0%         10d2      100%        8


Dungeon Overview and Level Annotations

Branches:
Dungeon (4/15)
 Temple: D:4-7

Altars:

Shops:
D:4 *


Innate Abilities, Weirdness & Mutations

You are immune to sickness and miasma.
Your stone body is resilient. (AC +4)
You are immune to poison.
You resist negative energy. (rN+)
You are resistant to electric shocks. (rElec)
You are resistant to unholy torment.
You are immune to petrification.


Message History

You block the acid dragon's attack.
The acid dragon bites you but does no damage.
The acid dragon claws you but does no damage.
Your chain mail prevents you from hitting the acid dragon.
The acid dragon bites you but does no damage.
The acid dragon claws you but does no damage.
You completely miss the acid dragon. You block the acid dragon's attack. x2
The acid dragon bites you but does no damage.
The acid dragon claws you but does no damage.
You closely miss the acid dragon.
The acid dragon bites you but does no damage.
The acid dragon claws you but does no damage.
You closely miss the acid dragon. The acid dragon spits acid at you.
The splash of acid hits you.
You are splashed with acid!
* * * LOW HITPOINT WARNING * * *
The acid dragon bites you but does no damage.
You block the acid dragon's attack.
You feel better.
The acid dragon bites you but does no damage.
The acid dragon claws you but does no damage.
You feel better. The acid dragon completely misses you.
The acid dragon claws you but does no damage.
You feel very mighty all of a sudden.
You are no longer corroded.
The acid dragon spits acid at you.
The splash of acid hits you but does no damage.
You are splashed with acid!
* * * LOW HITPOINT WARNING * * *
You slash the acid dragon!
The acid dragon is moderately wounded.
You block the acid dragon's attack. x2
You slash the acid dragon!
The acid dragon is severely wounded.
You block the acid dragon's attack.
The acid dragon claws you but does no damage.
You slash the acid dragon!
The acid dragon is almost dead.
You block the acid dragon's attack. The acid dragon barely misses you.
The acid dragon bites you!
You die...

##.# #.#^.#..
#.####.##.#..
#####..##..##....
##....#.†..####...
#######.....###..#
#<.. ...D........#
#..# ###.
#...###)######...#
#... .o
#.).#........#
#.... #)#@..#
##.#........
......D:###
#.#.##.....
.....####
..#.#...... ......
.. ..... ......
#.. ..#. ≈.....
#... .# ..###.
#....# . #..#..#
..#...##


You could see an acid dragon (catching breath).

Vanquished Creatures
  Sigmund (D:3)
  Edmund (D:3)
  A gnoll shaman (D:4)
  2 orc priests
  An iguana (D:4)
  2 orc wizards
  3 hound skeletons (D:4)
  6 gnolls (D:4)
  7 adders
  An adder skeleton (D:4)
  4 worms
  2 dart slugs (D:4)
  13 orcs
  9 ball pythons
  5 endoplasms
  6 giant cockroaches
  5 goblins
  7 hobgoblins
  4 jackals (D:1)
  4 quokkas
  3 bats
  A frilled lizard (D:2)
  5 kobolds
  7 rats
  A spectral goblin (D:2)
101 creatures vanquished.

Notes
Turn   | Place    | Note
-------+----------+-------------------------------------------
     0 | D:1      | pokedragonboy the Gargoyle Fighter began the quest for the
                  | Orb.
     0 | D:1      | Reached XP level 1. HP: 14/14 MP: 1/1
   273 | D:1      | Reached XP level 2. HP: 19/19 MP: 2/2
   508 | D:1      | Reached XP level 3. HP: 23/23 MP: 3/3
   988 | D:2      | Found a faded altar of an unknown god.
  1247 | D:2      | Reached XP level 4. HP: 29/29 MP: 4/4
  2103 | D:3      | Reached XP level 5. HP: 8/33 MP: 5/5
  2356 | D:3      | Noticed Sigmund
  2365 | D:3      | Killed Sigmund
  2366 | D:3      | Reached XP level 6. HP: 33/39 MP: 6/6
  2658 | D:4      | HP: 1/39 [gnoll (6)]
  3054 | D:4      | Reached XP level 7. HP: 7/44 MP: 7/7
  3464 | D:4      | Found Hec Qis's General Store.
  3464 | D:4      | Noticed Edmund
  3622 | D:3      | Killed Edmund
  3623 | D:3      | Reached skill level 5 in Fighting
  3623 | D:3      | Reached skill level 5 in Armour
  4021 | D:4      | Reached skill level 5 in Shields
  4351 | D:4      | Identified the +6 whip "Jataosank" {venom, Str+5}
  4445 | D:4      | Reached skill level 5 in Axes
  4622 | D:4      | Slain by an acid dragon

Illustrated notes

Levels and vault maps discovered:
D:1:      dpeg_arrival_castle, layout_basic, patterned_corridor
D:2:      layout_loops_corners, dreamdust_ecumenical_altar_drowned_temple,
          grunt_ministairs_2
D:3:      layout_rooms, uniq_sigmund
D:4:      layout_rooms, serial_shops, shop, minmay_splitting_lines,
          chequers_serial_rivers_micro_d, glass_columns_c,
          kennysheep_generic_room_10, uniq_edmund

Skill      XL: |  1  2  3  4  5  6  7 |
---------------+----------------------+-----
Axes           | 2 3 4 5 |  5.1
Fighting       | 4 5 |  5.2
Armour         | 4 5 |  5.2
Shields        | 4 5 |  5.0

Action                   |  1- 3 |  4- 6 |  7- 9 || total
-------------------------+-------+-------+-------++-------
Melee: War axe           |   119 |   122 |    96 ||   337
  Use: Scroll            |       |     2 |       ||     2
       Potion            |       |     3 |     3 ||     6
Armor: Scale mail        |    62 |   115 |    22 ||   199
       Chain mail        |       |       |    38 ||    38
Dodge: Dodged            |    47 |    44 |    22 ||   113
Block: Kite shield       |    65 |    90 |    64 ||   219
